 Dungeon Crawl Stone Soup version 0.18.1-8-gdd0e5ea (webtiles) character file.

765 shmeve the Shield-Bearer (level 8, -1/63 HPs)
             Began as a Formicid Fighter on May 21, 2016.
             Splashed by a jelly's acid (8 damage)
             ... on level 5 of the Dungeon.
             The game lasted 00:07:15 (4419 turns).

shmeve the Shield-Bearer (Formicid Fighter)         Turns: 4419, Time: 00:07:15

Health: -1/63      AC: -1    Str: 22      XL:     8   Next: 8%
Magic:  8/8        EV:  7    Int:  9      God:
Gold:   220        SH: 10    Dex:  9 (10) Spells: 0 memorised, 7 levels left

rFire  + . .     SeeInvis +     a - +0 war axe
rCold  . . .     Gourm    .     u - +0 chain mail
rNeg   . . .     Faith    .     c - +0 shield
rPois  .         Spirit   .     (helmet unavailable)
rElec  .         Dismiss  .     w - +0 cloak
rCorr  .         Reflect  .     (no gloves)
SustAt .         Harm     .     h - +2 pair of boots
MR     +....                    (no amulet)
Stlth  ..........               j - ring of protection from fire
                                i - ring of protection from magic

@: corroded, somewhat resistant to hostile enchantments, extremely unstealthy
A: permanent stasis, dig shafts and tunnels, four strong arms, antennae 3
a: Dig, Shaft Self


You were on level 5 of the Dungeon.
You were very hungry.

You visited 1 branch of the dungeon, and saw 5 of its levels.

You collected 220 gold pieces.

Inventory:

Hand Weapons
 a - a +0 war axe (weapon)
Armour
 c - a +0 shield (worn)
 h - a +2 pair of boots (worn)
 u - a +0 chain mail (worn)
 w - a +0 cloak (worn)
Jewellery
 i - a ring of protection from magic (left hand)
 j - a ring of protection from fire (right hand)
Scrolls
 e - 7 scrolls of identify {unknown}
 k - a scroll of remove curse
 o - 2 scrolls of immolation {unknown}
 r - a scroll of random uselessness {unknown}
 v - a scroll of magic mapping {unknown}
 y - a scroll of torment {unknown}
Potions
 d - a potion of might
 g - 2 potions of brilliance {unknown}
 m - a potion of lignification {unknown}
 n - a potion of curing {unknown}
 q - a potion of degeneration {unknown}
 t - 2 potions of cure mutation {unknown}
Books
 p - a book of Flames

   Spells                             Type                      Level
   a - Flame Tongue                   Conjuration/Fire             1
   b - Throw Flame                    Conjuration/Fire             2
   c - Conjure Flame                  Conjuration/Fire             3
   d - Inner Flame                    Hexes/Fire                   3
   e - Sticky Flame                   Conjuration/Fire             4
   f - Fireball                       Conjuration/Fire             5
Comestibles
 b - a meat ration
 f - 6 bread rations
 l - 12 fruits
 s - a royal jelly


   Skills:
 * Level 5.5 Fighting
 * Level 4.5 Axes
 + Level 4.6 Armour
 + Level 2.4 Dodging
 * Level 6.1 Shields


You had 7 spell levels left.
You didn't know any spells.

Dungeon Overview and Level Annotations

Branches:
Dungeon (5/15)
 Temple: D:4-7

Altars:
Cheibriados


Innate Abilities, Weirdness & Mutations

You are under a permanent stasis effect.
You can dig through walls and to a lower floor.
Your four strong arms can wield two-handed weapons with a shield.
You have a pair of large antennae on your head (SInv).


Message History

The jelly is heavily wounded.
The jelly hits you.
You are splashed with acid!
The acid burns!
* * * LOW HITPOINT WARNING * * *
The jelly hits you but does no damage.
You hit the jelly but do no damage.
Your hands burn!
* * * LOW HITPOINT WARNING * * *
The jelly is heavily wounded.
You block the jelly's attack.
You hit the jelly but do no damage.
Your hands burn!
* * * LOW HITPOINT WARNING * * *
The jelly is heavily wounded.
The jelly jiggles.
The jelly hits you but does no damage.
You slash the jelly!
Your hands burn!
* * * LOW HITPOINT WARNING * * *
The jelly is almost dead.
The jelly barely misses you. The jelly hits you.
* * * LOW HITPOINT WARNING * * *
You are splashed with acid!
The acid corrodes you!
The acid burns!
You die...

..†...#.#.#..............#.#
#..##.#.#.#.##...........#.#
#..#(........#..).##.......#
#..#..#.#.#..#.).).#.#######
#.....#.#.#<.#...).#>#
##.#..#.# #.....#....#
...##.#.# #..##.########
.####.#.# #.....#....... .
#.#.# #.###.@J....# #. .#
#.# #.......# { #.#
#.......# #.# #.......# #.#
###+##### ... ### {


You could see a jelly.

Vanquished Creatures
  Menkaure (D:5)
  The ghost of Quazifuji the Cudgeler, an amateur GrFi (D:3)
  A scorpion (D:4)
  A giant frog zombie (D:4)
  A crimson imp (D:4)
  A hound (D:4)
  A quasit (D:5)
  2 orc priests
  3 orc wizards
  3 worker ants
  6 gnolls
  3 adders
  An ooze (D:5)
  A worm (D:2)
  2 dart slugs
  5 giant geckos
  20 orcs
  2 giant cockroaches
  7 goblins
  4 hobgoblins
  9 jackals
  2 ball pythons (D:2)
  6 bats
  8 giant newts
  3 kobolds
  6 rats
100 creatures vanquished.

Notes
Turn   | Place    | Note
--------------------------------------------------------------
     0 | D:1      | shmeve the Formicid Fighter began the quest for the Orb.
     0 | D:1      | Reached XP level 1. HP: 18/18 MP: 1/1
   345 | D:1      | Reached XP level 2. HP: 20/24 MP: 2/2
   853 | D:2      | Reached XP level 3. HP: 14/29 MP: 3/3
  1265 | D:2      | Reached skill level 4 in Shields
  1819 | D:3      | Noticed Quazifuji's ghost (amateur GrFi)
  1825 | D:3      | Reached XP level 4. HP: 22/37 MP: 4/4
  1828 | D:3      | Reached skill level 1 in Dodging
  1832 | D:3      | Killed Quazifuji's ghost
  1832 | D:3      | Reached XP level 5. HP: 22/42 MP: 5/5
  1992 | D:3      | Reached skill level 5 in Shields
  1992 | D:3      | Reached XP level 6. HP: 28/48 MP: 6/6
  2978 | D:4      | Reached XP level 7. HP: 54/55 MP: 7/7
  3006 | D:4      | Found a snail-covered altar of Cheibriados.
  3341 | D:4      | Reached skill level 5 in Fighting
  3670 | D:5      | Entered Level 5 of the Dungeon
  3957 | D:5      | Noticed Menkaure
  3964 | D:5      | Killed Menkaure
  3964 | D:5      | Reached skill level 6 in Shields
  3964 | D:5      | Reached XP level 8. HP: 34/63 MP: 8/8
  4419 | D:5      | Splashed by a jelly's acid

Skill      XL: |  1  2  3  4  5  6  7 |
---------------+----------------------+-----
Shields        | 4 5 6 |  6.1
Dodging        | 1 2 |  2.4
Fighting       | 4 5 |  5.5
Axes           | 3 4 |  4.5
Armour         | 4 |  4.6

Action                   |  1- 3 |  4- 6 |  7- 9 || total
-------------------------+-------+-------+-------++-------
Melee: War axe           |   105 |   143 |   141 ||   389
  Use: Potion            |     1 |       |       ||     1
       Scroll            |       |       |     3 ||     3
  Eat: Chunk             |     3 |     4 |     4 ||    11
Armor: Scale mail        |    60 |    68 |       ||   128
       Chain mail        |       |    11 |    92 ||   103
Dodge: Dodged            |    44 |    83 |    54 ||   181
Block: Shield            |    69 |   105 |    87 ||   261
